 Dungeon Crawl Stone Soup version 0.31-a0-854-g362426d53f (webtiles) character file.

Game seed: 10119367895371289646

30 Kurtz the Sneak (level 3, -2/34 HPs)
             Began as a Naga Delver on Oct 8, 2023.
             Slain by Ijyb
             ... wielding a +0 club
              (5 damage)
             ... on level 3 of the Dungeon.
             The game lasted 00:00:30 (98 turns).

Kurtz the Sneak (Naga Delver)                         Turns: 98, Time: 00:00:30

Health: -2/34      AC:  2    Str: 20    XL:     3   Next: 20%
Magic:  3/3        EV:  9    Int: 10    God:
Gold:   14         SH:  0    Dex: 14    Spells: 2/2 levels left

rFire   . . .        a - +0 hand axe
rCold   . . .        (no shield)
rNeg    . . .        b - +0 leather armour
rPois   +            (no helmet)
rElec   .            (no cloak)
rCorr   +            (no gloves)
SInv    +            (no barding)
Will    .....        (no amulet)
Stlth   +++          h - ring of resist corrosion
HPRegen 0.25/turn    e - +6 ring of strength
MPRegen 0.08/turn

%: no passive effects
@: short of breath, hasted, quick
A: AC +1, large, see invisible, deformed body, poison resistance, slowness 2,
spit poison 1, naga tail 1
a: Spit Poison


You were on level 3 of the Dungeon.
You visited 1 branch of the dungeon, and saw 3 of its levels.

You collected 14 gold pieces.

Inventory:

Hand Weapons
 a - a +0 hand axe (weapon)
Armour
 b - a +0 leather armour (worn)
Jewellery
 e - a +6 ring of strength (right hand)
 h - a ring of resist corrosion (left hand)
Wands
 g - a wand of digging (3)
Scrolls
 c - a scroll of fog
 d - a scroll of revelation


   Skills:
 - Level 3.0 Fighting
 * Level 3.5 Axes
 - Level 1.5 Dodging
 - Level 7.2 Stealth


You had 2 spell levels left.
You didn't know any spells.
Your spell library was empty.

Dungeon Overview and Level Annotations

Branches:
Dungeon (5/15)
 Temple: D:4-7

Altars:

Annotations:
D:3 Ijyb


Innate Abilities, Weirdness & Mutations

Your serpentine skin is tough. (AC +1)
You have supernaturally acute eyesight. (SInv)
Armour fits poorly on your strangely shaped body.
Your system is resistant to poisons. (rPois)
You cover ground very slowly.
You can spit poison.
You have a snake-like lower body.


Message History

Ijyb screams, "Me stronger than you!" Ijyb hits you with a +0 club.
You hit Ijyb but do no damage.
Ijyb zaps a wand.
The puff of flame hits you.
Unknown command.
You barely miss Ijyb. Ijyb hits you with a +0 club.
You hit Ijyb but do no damage.
You have got your breath back.
Ijyb hits you but does no damage. Ijyb closely misses you.
You slash Ijyb!
Ijyb is moderately wounded.
Ijyb zaps a wand.
The puff of flame hits you!
Unknown command.
Aiming: Spit Poison (2% risk of failure)
Press: ? - help, Shift-Dir - straight line, f/p - Ijyb
Aim: Ijyb, wielding a +0 club, wearing a +0 leather armour and carrying a wand of flame (moderately wounded, 50% to hit)
The splash of poison misses Ijyb.
The splash of poison hits the adder.
The adder is moderately wounded.
Ijyb hits you with a +0 club.
* * * LOW HITPOINT WARNING * * *
You hit Ijyb but do no damage.
Ijyb is moderately wounded.
Ijyb zaps a wand.
The puff of flame misses you.
Unknown command.
You hit Ijyb.
Ijyb is heavily wounded.
You have got your breath back.
Ijyb hits you with a +0 club.
* * * LOW HITPOINT WARNING * * *
Unknown command.
Okay, then.
You feel yourself speed up. Ijyb hits you with a +0 club.
* * * LOW HITPOINT WARNING * * *
Unknown command.
Aiming: Spit Poison (2% risk of failure)
Press: ? - help, Shift-Dir - straight line, f/p - Ijyb
Aim: Ijyb, wielding a +0 club, wearing a +0 leather armour and carrying a wand of flame (heavily wounded, 50% to hit)
The splash of poison misses Ijyb.
The splash of poison hits the adder.
The adder is heavily wounded.
Ijyb hits you with a +0 club.
You die...

#.....[.#
#...#..#
##.##..#
######...#..#
.........>..#
######...##.#
##.## # #.#
#@# #g# #S#
#$# ..# ###


You could see Ijyb and an adder.

Vanquished Creatures
  A hound (D:5)
  A rat (D:3)
2 creatures vanquished.

Notes
Turn   | Place    | Note
-------+----------+-------------------------------------------
     0 | D:5      | Kurtz the Naga Delver began the quest for the Orb.
     0 | D:5      | Reached XP level 1. HP: 21/21 MP: 1/1
    30 | D:5      | Noticed a hound
    37 | D:5      | Killed a hound
    38 | D:5      | Reached XP level 2. HP: 18/28 MP: 2/2
    38 | D:5      | Reached XP level 3. HP: 21/34 MP: 3/3
    44 | D:4      | Noticed an ogre
    84 | D:3      | Noticed Ijyb
    98 | D:3      | Slain by Ijyb

Illustrated notes

Levels and vault maps discovered:
D:3:      layout_loops_ring, gammafunk_ghost_grave, minmay_misc_feat_tower,
          uniq_ijyb
D:4:      layout_rooms, nicolae_sif_muna_little_library,
          minmay_temple_entry_slanted, ebering_ghost_rock_garden
D:5:      layout_basic

Skill      XL: |  1 |
---------------+----+-----
Axes           | 3 |  3.5
Fighting       | |  3.0
Dodging        | |  1.5
Stealth        | |  7.2

Action                     || total
---------------------------++-------
  Melee: Hand axe          ||    13
         Punch             ||     1
Ability: Spit Poison       ||     4
    Use: Scroll            ||     1
         Potion            ||     1
 Armour: Leather armour    ||    12
  Dodge: Dodged            ||     7

Table legend: (Time is in decaauts)
 A = Elapsed time spent in this place.
 B = Non-inter-level travel time spent in this place.
 C = Inter-level travel time spent in this place.
 D = Time resting spent in this place.
 E = Time spent auto-exploring this place.
 F = Levels seen in this place.
 G = Mean time per level.
                   A        B        C        D        E       F      G
               +--------+--------+--------+--------+--------+-----+--------+
         Total |    119 |    119 |      0 |      0 |     54 |   3 |   39.7 |
       Dungeon |    119 |    119 |      0 |      0 |     54 |   3 |   39.7 |
               +--------+--------+--------+--------+--------+-----+--------+

Top non-repeatable levels by time:
     D:5: 58 daAuts
     D:3: 50 daAuts
     D:4: 11 daAuts
